Cogmind - Beta 16 @@@ ROGUE MODE // 2025.12.20 @ 06:38:30 Player: H3-MLN Result: Destroyed by P-80 Master with Gamma Rifle Performance ------------- Evolutions (7) 3500 Regions Visited (19) 3800 Robots Destroyed (168) 840 Value Destroyed (7351) 7351 Prototype IDs (81) 1620 Alien Tech Used (0) 0 Bonus (7544) 7544 TOTAL SCORE: 24655 Bonus ------- High Alert Combat Kills 974 Follower Combat Kills 5064 Delivered SUBCON Basin 2000 Registered with UFD 300 Met Optimus in HQ 500 Met Imprinter 300 Destroyed Z-Imprinter 1000 Met Warlord at Base 500 MAIN.C Attacked Warlord 500 Friendly Fire -3594 Cogmind --------- Core Integrity 0/1300 Matter 290/300 Energy 326/990 System Corruption 29% Temperature Cool (4) Movement Hovering (88) Ox1 Location -3/Research Parts ------- > --- POWER (2) -------- Micro Antimatter Reactor Graviton Reactor > --- PROPULSION (6) --- Improved Antigrav System Improved Antigrav System > --- UTILITY (8) ------ Advanced Heat Sink Experimental Energy Well Zionite Metafield Generator Advanced Sensor Array Advanced Signal Interpreter Experimental Weapon Cycler > --- WEAPON (5) ------- Companion Sword > --- INVENTORY (5) ---- Light Antimatter Reactor Enhanced Nova Cannon Vampiric Broadsword Peak State ------------ > --- POWER ------------ Cooled Fission Core Cooled Fission Core > --- PROPULSION ------- Combat Airjet Combat Gravmag System Combat Linear Gravjet Combat Linear Gravjet Combat Linear Gravjet Combat Linear Gravjet > --- UTILITY ---------- Experimental Heat Sink Large Storage Unit Zionite Metafield Generator Advanced Sensor Array Advanced Signal Interpreter Experimental Core Analyzer Experimental Hacking Suite A0-MCA's Component Scanner > --- WEAPON ----------- Enhanced Nova Cannon CPS Tube Companion Sword Vampiric Broadsword > --- INVENTORY -------- Experimental Energy Well Deep Structural Scanner Experimental Weapon Cycler Advanced Force Booster Experimental Phase Shifter Advanced Powered Armor Advanced Powered Armor Authchip [Propulsion] Amulet of Y3-NDR Hypervelocity Alpha Cannon Multitool PL-3XN's Ring of Power PL-3XN's Ring of Power [Rating: 157] Favorites ----------- Power Subdweller Power Source Engine Subdweller Power Source Power Core Hybrid Fission Core Reactor Light Antimatter Reactor Propulsion Combat Airjet Treads Spiked Treads Leg Improved Titanium Leg Wheel Armored Huge Wheel Hover Unit Combat Airjet Flight Unit VTOL Module Utility Large Storage Unit Device Advanced Sensor Array Storage Large Storage Unit Processor Advanced Signal Interpreter Hackware Advanced Hacking Suite Protection Makeshift Thermal Plating Weapon Companion Sword Energy Gun Subdweller Laser Energy Cannon Subdweller Beam Cannon Ballistic Gun Subdweller Machine Gun Launcher Heavy Missile Launcher Special Weapon CPS Tube Impact Weapon Powered Hammer Slashing Weapon Companion Sword Special Melee Weapon Improved Datajack Build | -11 -10 -10 -8 -8 -6 -6 -6 -6 -6 -5 -5 -5 -5 -5 -4 -4 -4 -4 -3 ------- Run | Yrd Mat Sub Rec Scr Fac Low Low Zio Dee Pro Fac Upp Upp War Pro Fac Arm Lab Res Slots Evolved 14 | . . . . . 8 . . . . . 2 . . . . 2 . . 2 Power 1 | . . . . . 1 . . . . . . . . . . . . . . Propulsion 4 | . . . . . 4 . . . . . . . . . . . . . . Utility 6 | . . . . . 3 . . . . . 2 . . . . 1 . . . Weapon 3 | . . . . . . . . . . . . . . . . 1 . . 2 Parts Attached 192 | 8 2 17 1 11 22 8 5 8 21 1 13 2 5 6 1 7 19 2 33 Power 34 | 1 . 4 . 2 6 . 1 . 4 . 1 . 2 1 . . 4 . 8 Engine 11 | 1 . 4 . 1 3 . . . . . . . . . . . 2 . . Core 8 | . . . . 1 3 . . . . . 1 . 1 . . . 2 . . Reactor 15 | . . . . . . . 1 . 4 . . . 1 1 . . . . 8 Propulsion 58 | 2 . 4 . 2 8 2 . 2 7 . 6 1 2 2 . 1 4 . 15 Treads 7 | 1 . 1 . . . 2 . . 1 . . . . . . . . . 2 Leg 9 | . . . . 2 2 . . 2 . . . . . . . . . . 3 Wheel 11 | 1 . 3 . . 6 . . . . . . . . . . . . . 1 Hover 30 | . . . . . . . . . 6 . 5 1 2 2 . 1 4 . 9 Flight 1 | . . . . . . . . . . . 1 . . . . . . . . Utility 73 | 2 2 3 . 2 8 5 3 3 8 1 5 1 1 3 1 5 11 . 9 Device 33 | 1 1 2 . . 3 4 2 2 3 1 . 1 . 2 1 1 5 . 4 Storage 9 | 1 1 1 . . 1 1 . 1 1 . . . . . . . 2 . . Processor 6 | . . . . . 2 . . . 2 . . . . . . . 1 . 1 Hackware 14 | . . . . . 2 . . . . . 5 . . . . 4 1 . 2 Protection 11 | . . . . 2 . . 1 . 2 . . . 1 1 . . 2 . 2 Artifact . | . . . . . . . . . . . . . . . . . . . . Weapon 27 | 3 . 6 1 5 . 1 1 3 2 . 1 . . . . 1 . 2 1 Energy Gun 5 | 2 . 1 . . . 1 . . 1 . . . . . . . . . . Energy Cannon 6 | . . 1 1 1 . . . 1 . . 1 . . . . . . 1 . Ballistic Gun 4 | 1 . 3 . . . . . . . . . . . . . . . . . Ballistic Cannon . | . . . . . . . . . . . . . . . . . . . . Launcher 2 | . . . . . . . 1 . . . . . . . . . . . 1 Special Weapon 3 | . . . . . . . . 1 1 . . . . . . . . 1 . Impact Weapon 2 | . . . . 2 . . . . . . . . . . . . . . . Slashing Weapon 4 | . . 1 . 1 . . . 1 . . . . . . . 1 . . . Piercing Weapon . | . . . . . . . . . . . . . . . . . . . . Special Melee Weapon 1 | . . . . 1 . . . . . . . . . . . . . . . Unidentified Prototypes 18 | . . 1 . 1 1 . 1 4 10 . . . . . . . . . . Corrupted Parts 1 | . . . . . . . . . . . . . . . . . . 1 . System Corruption 4 | . . . . . . . . . . . . . . . . . . 4 . Parts Lost 52 | . . . . . 1 3 . . 8 . 4 . . 1 . . 6 . 29 Power 12 | . . . . . 1 1 . . 2 . 1 . . . . . 1 . 6 Propulsion 22 | . . . . . . . . . 5 . 2 . . . . . 3 . 12 Utility 14 | . . . . . . . . . 1 . . . . . . . 2 . 11 Weapon 4 | . . . . . . 2 . . . . 1 . . 1 . . . . . Highest Loss Streak 14 | . . . . . 1 1 . . 8 . 3 . . 1 . . 2 . 14 To Critical Strikes 1 | . . . . . . . . . . . . . . . . . . . 1 Average Backups 14 | 2 5 12 7 7 11 24 30 30 20 12 12 13 12 12 12 12 12 13 13 Power . | . 1 1 . . . . 1 1 . . . 1 . . . . . . . Propulsion 1 | 1 3 2 . . . 1 4 3 1 . . . . . 1 . . . 1 Utility 7 | . . 2 4 3 5 9 15 18 13 8 7 9 9 9 9 8 8 9 7 Weapon 3 | . 1 4 2 2 4 7 6 5 3 2 2 1 1 1 1 1 1 2 2 Tool/Special . | . . . . . . . . . . . . . . . . . . . . Unused Backups 66 | . 1 12 . 6 2 9 4 4 12 1 3 . 1 4 . 2 2 . 3 Power 3 | . . . . . . . . . 1 . . . . . . . 2 . . Propulsion 11 | . . 4 . 1 1 . 2 . 1 . 1 . 1 . . . . . . Utility 23 | . 1 3 . 1 . . 1 1 8 1 1 . . 3 . 1 . . 2 Weapon 15 | . . 4 . 3 1 . . 2 2 . 1 . . . . 1 . . 1 Tool/Special 14 | . . 1 . 1 . 9 1 1 . . . . . 1 . . . . . Average Slot Usage (%) 85 | . 100 98 85 76 75 70 73 73 81 100 99 100 100 95 88 87 88 94 71 Engine 5 | . 14 14 14 6 5 . . . . . . . . . . . . . . Core 3 | . . . . 5 8 12 11 6 2 . . 5 5 1 . . 5 10 3 Reactor 2 | . . . . . . . 1 6 8 13 10 5 5 5 5 5 . . 4 Treads 4 | . 14 12 . . . 1 13 10 5 . . . . . . . . . 1 Leg 3 | . . . . 18 7 . . 2 . . . . . . . . . . 2 Wheel 10 | . 14 15 28 9 16 18 13 13 6 . . . . . . . . . . Hover 9 | . . . . . . . . . 18 40 34 33 35 35 35 31 30 31 17 Device 8 | . 14 12 . 1 5 6 11 11 8 6 10 11 11 14 11 11 5 10 8 Storage 8 | . 14 13 14 10 6 6 6 6 5 6 5 5 5 5 5 5 5 5 5 Processor 6 | . . . . . 5 6 6 6 10 20 17 17 17 17 17 15 17 15 12 Hackware 1 | . . . . . 11 5 . . . . 5 5 3 . . 7 9 5 2 Protection 1 | . . . . 4 . . 1 1 2 . . . 1 2 4 . 2 5 1 Energy Gun 1 | . 14 4 . . . 3 . . . . . . . . . . . . . Energy Cannon 2 | . . 3 13 4 6 1 . . 2 6 1 . . . . . . . . Ballistic Gun 4 | . 14 15 9 . . . . . . . . . . . . . . . . Slashing Weapon 6 | . . 3 5 7 . 4 6 6 6 6 9 11 10 10 5 8 9 10 8 Peak Build Rating 157 | 7 7 34 34 34 78 82 78 95 109 106 117 110 113 133 131 146 149 149 157 Average Rating 61 | 5 7 15 30 19 67 73 74 80 88 105 112 108 107 121 118 132 134 146 127 On Entrance 80 | . 7 7 34 17 30 76 70 78 83 104 106 105 109 106 124 119 146 149 147 Avg Prop Armor Cover (%) 12 | 9 13 15 4 5 9 13 15 15 15 . 3 3 . . . . 9 . 8 Naked Turns . | . . . . . . . . . . . . . . . . . . . . Heaviest Build 239 | 15 30 52 57 56 232 233 226 239 233 60 60 47 50 70 65 74 79 84 78 Greatest Support 88 | 20 16 30 30 35 84 84 56 56 84 84 86 77 77 79 76 78 82 82 88 Greatest Overweight (x) 5 | . 1 3 5 5 2 3 4 4 4 . . . . . . . 1 1 3 Average Overweight (x) 1 | . . 2 2 1 . 2 3 4 1 . . . . . . . . . . Largest Inventory Capacity 35 | 8 15 25 25 25 35 35 35 35 35 15 15 15 15 15 15 15 15 15 15 Average Capacity 19 | 7 10 15 25 15 16 35 35 35 23 15 15 15 15 15 15 15 14 15 14 Most Carried 35 | 5 7 25 25 15 22 35 35 35 35 15 15 15 15 15 15 15 15 15 15 Average Carried 17 | 3 6 14 23 9 14 28 34 34 23 14 14 15 14 14 14 14 14 14 13 Final Capacity 35 | 8 15 25 25 15 35 35 35 35 15 15 15 15 15 15 15 15 15 15 5 Final Carried 35 | 5 7 25 13 15 22 32 35 35 15 15 15 15 15 15 15 15 15 15 4 Class Distribution -------------------- 25% | Commander-Mutant 21% | Scavenger-Mutant 19% | Mutant 18% | Hauler-Mutant 6% | Hacker-Mutant Dominant Class ---------------- Mutant | -10/Materials Mutant | -10/Subcaves Commander-Mutant | -8/Recycling Commander-Mutant | -8/Scraptown Hacker-Mutant | -6/Factory Hauler-Mutant | -6/Lower Caves Hauler-Mutant | -6/Lower Caves Hauler-Mutant | -6/Zion Scavenger-Mutant | -6/Deep Caves Scavenger-Mutant | -5/Proximity Caves Scavenger-Mutant | -5/Factory Scavenger-Mutant | -5/Upper Caves Scavenger-Mutant | -5/Upper Caves Commander-Mutant | -5/Warlord Mutant | -4/Proximity Caves Machinist-Scout | -4/Factory Hacker-Mutant | -4/Armory Sprinter | -4/Lab Scout | -3/Research Resources | -11 -10 -10 -8 -8 -6 -6 -6 -6 -6 -5 -5 -5 -5 -5 -4 -4 -4 -4 -3 ----------- Run | Yrd Mat Sub Rec Scr Fac Low Low Zio Dee Pro Fac Upp Upp War Pro Fac Arm Lab Res Matter Collected 5532 | 325 . 763 50 554 255 120 386 110 280 64 353 40 102 120 65 190 590 . 1165 Remotely . | . . . . . . . . . . . . . . . . . . . . Salvage Created 10156 | 124 . 301 380 130 1297 741 409 299 175 79 703 332 463 . 134 736 1713 . 2140 Parts 506 | 9 . 25 9 1 61 10 8 20 32 8 67 10 19 . 4 46 74 . 103 Haulers Intercepted 2 | . . . . . . . . . . . . . . . . 1 . . 1 Recyclers Shooed 4 | 2 . . . . . . 1 . . . . . . . . . . . 1 Parts Field Recycled . | . . . . . . . . . . . . . . . . . . . . Retrieved Matter . | . . . . . . . . . . . . . . . . . . . . Parts Self-Destructed 83 | . . 14 . . . 11 9 . . 6 . 8 8 . 27 . . . . Prevented 53 | . . . . . . . 5 . . 3 . 22 14 . 9 . . . . Parts Restored . | . . . . . . . . . . . . . . . . . . . . Kills | -11 -10 -10 -8 -8 -6 -6 -6 -6 -6 -5 -5 -5 -5 -5 -4 -4 -4 -4 -3 ------- Run | Yrd Mat Sub Rec Scr Fac Low Low Zio Dee Pro Fac Upp Upp War Pro Fac Arm Lab Res Combat Hostiles Destroyed 113 | . . 6 4 . 13 10 4 1 2 4 14 1 2 . 2 8 21 . 21 Melee 51 | . . . . . . 3 1 1 2 . 5 1 1 . 1 6 14 . 16 Guns 12 | . . 6 3 . . 3 . . . . . . . . . . . . . Cannons 33 | . . . 1 . 12 2 . . . . 6 . 1 . 1 2 7 . 1 AOE 14 | . . . . . . . 3 . . 4 3 . . . . . . . 4 Classes Destroyed 28 | 2 . 5 4 3 3 2 1 1 1 . 1 . 1 . . 2 1 . 1 Worker 7 | . . . . 1 . . . . . . 1 . . . . 3 . . 2 Builder 10 | . . . . 2 1 . . . . . 3 . . . . 3 . . 1 Tunneler 2 | 2 . . . . . . . . . . . . . . . . . . . Hauler 2 | . . . . . . . . . . . . . . . . 1 . . 1 Recycler 10 | 1 . . 1 . 3 . . . . . . . . . . . . . 5 Minesweeper 2 | . . . . . . . 1 . . 1 . . . . . . . . . Mechanic 3 | . . . . . . . . . . . 1 . . . . 1 1 . . Operator 5 | . . . . . 1 . . . . . 1 . . . . . 1 . 2 Turret 2 | . . 2 . . . . . . . . . . . . . . . . . Watcher 4 | . . . . . 1 . . . . . . . . . . . 2 . 1 Swarmer 19 | . . 2 . . . . . . . 4 8 . . . . 2 . . 3 Cutter 1 | . . . . . . . . . . . . . . . . 1 . . . Grunt 35 | . . . 1 1 7 3 4 . . . 1 . 2 . . 2 9 . 5 Brawler 1 | . . . . . . . . . . . . . . . . . . . 1 Duelist 2 | . . . . . . 1 . . . . . . . . . 1 . . . Protector 1 | . . . 1 . . . . . . . . . . . . . . . . Sentry 10 | . . . 1 . 2 1 . . . . . 1 . . 1 . 3 . 1 Demolisher 1 | . . . . . . . . . . . . . . . . . 1 . . Hunter 7 | . . . . . 2 . . . . . . . . . . . 2 . 3 Programmer 23 | . . . 1 . 2 . . . . . 5 . . . 1 2 4 . 8 Armor Guard 2 | . . . . . . . . . . . . . . . . . 2 . . Enhanced Grunt 2 | . . . . . . . . 2 . . . . . . . . . . . Artisan 2 | . . 2 . . . . . . . . . . . . . . . . . Cobbler 1 | . . 1 . . . . . . . . . . . . . . . . . Subdweller 5 | . . 4 1 . . . . . . . . . . . . . . . . Explorer 1 | . . . . 1 . . . . . . . . . . . . . . . Zionite 1 | . . . . . . . . 1 . . . . . . . . . . . Z-Technician 5 | . . . . . . . . . 5 . . . . . . . . . . Z-Light 1 | . . . . . . . . . 1 . . . . . . . . . . Decomposer 6 | . . . . . . . . . . . . 3 3 . . . . . . Packrat 4 | . . . . . . . 4 . . . . . . . . . . . . Samaritan 3 | . . . . . . . . . . . . . 3 . . . . . . Thug 3 | . . . . . . 3 . . . . . . . . . . . . . Butcher 1 | . . . . . . 1 . . . . . . . . . . . . . Wizard 2 | . . . . . . . . . . . 1 . 1 . . . . . . Mutant 2 | . . . . . . 1 . 1 . . . . . . . . . . . Best Kill Streak 9 | 2 . 2 2 . 6 4 4 2 5 4 5 1 1 . 1 8 6 . 9 Combat Bots Only 6 | . . 2 2 . 3 4 4 1 2 4 5 1 1 . 1 3 6 . 5 Max Kills in Single Turn 6 | 1 . 1 2 1 1 1 2 1 1 4 3 1 1 . 1 4 4 . 6 Gunslinging . | . . . . . . . . . . . . . . . . . . . . Exploded 4 | . . . . . . . 2 . . 4 3 . . . . . . . 2 Melee 1 | . . . . . . 1 1 1 1 . 1 1 1 . 1 1 1 . 1 Uniques/NPCs Destroyed 1 | . . . . . . . . . 1 . . . . . . . . . . Z-Imprinter (-6/Deep Caves) Combat | -11 -10 -10 -8 -8 -6 -6 -6 -6 -6 -5 -5 -5 -5 -5 -4 -4 -4 -4 -3 -------- Run | Yrd Mat Sub Rec Scr Fac Low Low Zio Dee Pro Fac Upp Upp War Pro Fac Arm Lab Res Hostile Shots Fired 1246 | . . 31 4 21 64 103 16 . 87 4 50 . 1 4 5 45 312 . 499 Missed 486 | . . 5 1 7 21 30 5 . 26 1 17 . . 3 1 20 157 . 192 Hits 760 | . . 26 3 14 43 73 11 . 61 3 33 . 1 1 4 25 155 . 307 Melee 12 | . . . . . . 2 . . . . . . . . . 3 1 . 6 Projectile 748 | . . 26 3 14 43 71 11 . 61 3 33 . 1 1 4 22 154 . 301 AOE 8 | . . 2 . . . . . . . . . . . 2 . . 4 . . Critical Strikes 37 | . . 1 . . 1 4 . . . . 2 . . . . 2 9 . 18 Part Disruptions 4 | . . . . . . . . . . . . . . 2 . . 1 . 1 Damage Taken 16461 | . . 528 32 202 398 936 278 . 1713 57 655 68 78 192 126 788 3240 . 7170 Core 2433 | . . 87 10 26 54 106 37 . 340 . 145 40 49 28 35 108 446 . 922 Absorbed by Shields 155 | . . . 9 51 95 . . . . . . . . . . . . . . Ignored by Resistances 245 | . . . . . . . . . 245 . . . . . . . . . . Regen/Repaired (Parts) 628 | . . . . . . . . . . . . . . 5 . . 444 . 179 Core Remaining (%) 52 | 100 . . . 50 . . . . . 14 . . . . 70 . . 30 . Volleys Fired 298 | 15 . 75 8 7 70 18 4 5 22 1 15 . 5 2 7 6 27 . 11 Largest 2 | 2 . 2 2 1 1 1 1 1 1 1 1 . 1 1 1 1 1 . 1 Hottest 120 | 70 . 110 110 40 40 120 39 90 90 39 90 . 90 90 90 90 90 . 120 Shots Fired 405 | 30 . 126 16 7 70 51 4 5 22 1 15 . 5 2 7 6 27 . 11 Gun 184 | 30 . 113 8 . . 33 . . . . . . . . . . . . . Cannon 209 | . . 13 8 7 70 18 . 3 21 . 14 . 5 1 7 6 27 . 9 Launcher 8 | . . . . . . . 4 . . 1 1 . . . . . . . 2 Special 4 | . . . . . . . . 2 1 . . . . 1 . . . . . Kinetic 91 | 15 . 68 8 . . . . . . . . . . . . . . . . Thermal 247 | 15 . 58 8 7 70 51 . 5 21 . 7 . . . . . . . 5 Explosive 8 | . . . . . . . 4 . . 1 1 . . . . . . . 2 Electromagnetic . | . . . . . . . . . . . . . . . . . . . . Phasic 57 | . . . . . . . . . . . 7 . 5 1 7 6 27 . 4 Robot Hit Streak 13 | 4 . 7 6 3 11 13 1 3 4 5 7 . 2 1 2 4 6 . 6 Robot Miss Streak 10 | 2 . 5 2 2 3 10 1 . . . 3 . 2 . . 2 3 . 3 Penetration Max 4 | . . . . . . . . . . . 1 . 1 . . 1 4 . 1 Secondary Targets . | . . . . . . . . . . . . . . . . . . . . Autonomous 33 | . . . . . . 33 . . . . . . . . . . . . . Shots Hit Robots 470 | 16 . 37 12 10 40 55 12 17 17 2 18 10 12 2 3 19 74 . 114 Core Hits 235 | 4 . 17 5 1 16 29 10 8 5 4 14 6 8 . 2 25 35 . 46 Critical Kills 3 | . . . . . 1 2 . . . . . . . . . . . . . Critical Parts Destroyed 1 | . . . . 1 . . . . . . . . . . . . . . . Critical Strikes 58 | . . . . 1 1 2 . 3 . . 6 . 4 . 1 8 25 . 7 Meltdown 3 | . . . . . 1 2 . . . . . . . . . . . . . Smash 1 | . . . . 1 . . . . . . . . . . . . . . . Sever 6 | . . . . . . . . 3 . . . . . . . 1 1 . 1 Phase 40 | . . . . . . . . . . . 6 . 4 . 1 7 20 . 2 Melee Attacks 445 | . . 1 2 11 . 26 10 16 26 1 37 15 12 3 3 27 101 . 154 Impact 5 | . . . . 5 . . . . . . . . . . . . . . . Slashing 438 | . . 1 2 4 . 26 10 16 26 1 37 15 12 3 3 27 101 . 154 Piercing . | . . . . . . . . . . . . . . . . . . . . Sneak Attacks 67 | . . 1 1 7 . . 7 13 5 1 5 3 7 1 . 3 3 . 10 Combat Hostiles 2 | . . . . . . . . . . . . . . . . . 2 . . Follow-up Attacks 32 | . . . . . . . . 1 1 . 3 1 . . . 1 8 . 17 Damage Inflicted 24621 | 219 . 657 450 558 2165 1755 1203 1247 998 382 1382 629 928 93 149 1571 3766 . 6469 Guns 1264 | 219 . 551 134 . . 360 . . . . . . . . . . . . . Cannons 5344 | . . 27 166 199 2165 669 . . . . 433 . 200 . 80 320 920 . 165 Explosions 2227 | . . . . . . . 599 . . 295 171 . . . . 433 . . 729 Melee 15762 | . . 79 150 359 . 726 604 1239 998 87 778 629 728 93 69 818 2846 . 5559 Ramming 16 | . . . . . . . . . . . . . . . . . . . 16 Kinetic 630 | 119 . 377 134 . . . . . . . . . . . . . . . . Thermal 4106 | 100 . 201 166 199 2165 1029 . 8 . . 193 . . . . . . . 45 Explosive 1794 | . . . . . . . 599 . . 295 171 . . . . . . . 729 Electromagnetic 433 | . . . . . . . . . . . . . . . . 433 . . . Impact 359 | . . . . 359 . . . . . . . . . . . . . . . Slashing 15403 | . . 79 150 . . 726 604 1239 998 87 778 629 728 93 69 818 2846 . 5559 Piercing . | . . . . . . . . . . . . . . . . . . . . Phasic 1880 | . . . . . . . . . . . 240 . 200 . 80 320 920 . 120 Highest Corruption 29 | . . . . . . . . . . . 1 2 2 2 . 1 4 8 29 Average Corruption 4 | . . . . . . . . . . . 1 1 2 2 . 1 1 6 10 Corruption Purged 1 | . . . . . . . . . . . . . . . . . 1 . . Corruption Blocked . | . . . . . . . . . . . . . . . . . . . . Effects 58 | . . . . . . . . . . . 3 4 6 1 . . 11 . 33 Message Errors 15 | . . . . . . . . . . . 1 1 2 . . . 3 . 8 Matter Fused 12 | . . . . . . . . . . . 1 1 2 . . . 1 . 7 Heat Flow Errors 6 | . . . . . . . . . . . . . . . . . 2 . 4 Energy Discharges 9 | . . . . . . . . . . . 1 . 2 1 . . 2 . 3 Parts Rejected 1 | . . . . . . . . . . . . . . . . . . . 1 Data Loss (minor) 5 | . . . . . . . . . . . . . . . . . 3 . 2 Data Loss (major) 5 | . . . . . . . . . . . . 2 . . . . . . 3 Misdirections 5 | . . . . . . . . . . . . . . . . . . . 5 Overload Shots 2 | . . . . . . 2 . . . . . . . . . . . . . Overflow Damage 2716 | . . . 95 267 196 104 268 64 335 25 134 138 329 63 . 136 136 . 426 Projectiles 242 | . . . . 16 196 22 . . . . . . 3 . . 5 . . . Explosions 135 | . . . . . . . . . . 25 . . . . . . . . 110 Melee 2339 | . . . 95 251 . 82 268 64 335 . 134 138 326 63 . 131 136 . 316 Knockbacks 4 | . . . . 4 . . . . . . . . . . . . . . . Impact 2 | . . . . 2 . . . . . . . . . . . . . . . Kinetic . | . . . . . . . . . . . . . . . . . . . . Secondary 2 | . . . . 2 . . . . . . . . . . . . . . . Self-Inflicted Damage 97 | . . . . . . . 52 . . 9 . . . . . . . . 36 Shots 3 | . . . . . . . 1 . . 1 . . . . . . . . 1 Rammed 2 | . . . . . . . . . . . . . . . . . . . 2 Targets Rammed 2 | . . . . . . . . . . . . . . . . . . . 2 Kicked . | . . . . . . . . . . . . . . . . . . . . Crushed . | . . . . . . . . . . . . . . . . . . . . Highest Temperature 409 | 63 . . 132 44 79 409 8 54 226 8 161 10 230 220 210 204 251 . 340 Average Temperature 64 | 25 . . 48 19 26 137 4 33 78 6 46 7 26 82 113 53 93 . 51 Received Heat Transfer 2701 | . . 21 7 66 141 351 66 . 549 . 21 24 21 . . 157 567 . 710 Effects 8 | . . . . . . 5 . . 3 . . . . . . . . . . Energy Bleed 1 | . . . . . . 1 . . . . . . . . . . . . . Interference 7 | . . . . . . 4 . . 3 . . . . . . . . . . Siege Activations . | . . . . . . . . . . . . . . . . . . . . Martial Activations . | . . . . . . . . . . . . . . . . . . . . Shielding Activations . | . . . . . . . . . . . . . . . . . . . . Robots Disrupted 1 | . . . . . . . . . . . . . . . . . . . 1 Combat Hostiles 1 | . . . . . . . . . . . . . . . . . . . 1 Robots Corrupted 2 | . . . . 2 . . . . . . . . . . . . . . . Combat Hostiles . | . . . . . . . . . . . . . . . . . . . . Parts Fried 6 | . . . . 2 . . . 1 1 . . . . . . . . . 2 Impact Corruptions 9 | . . . . 9 . . . . . . . . . . . . . . . Robots Melted 3 | . . . . . 1 2 . . . . . . . . . . . . . Combat Hostiles 3 | . . . . . 1 2 . . . . . . . . . . . . . Parts Melted 7 | . . . . . 1 6 . . . . . . . . . . . . . Heat Transferred 2281 | 296 . 384 214 . . 1300 . 50 . . . . . . . . . . 37 Parts Sabotaged 4 | . . . . . . . . . . . . . . . . . . . 4 Parts Stolen . | . . . . . . . . . . . . . . . . . . . . Parts Stripped . | . . . . . . . . . . . . . . . . . . . . Power Chain Reactions . | . . . . . . . . . . . . . . . . . . . . Alert | -11 -10 -10 -8 -8 -6 -6 -6 -6 -6 -5 -5 -5 -5 -5 -4 -4 -4 -4 -3 ------- Run | Yrd Mat Sub Rec Scr Fac Low Low Zio Dee Pro Fac Upp Upp War Pro Fac Arm Lab Res Maximum Alert Level 3 | . . . 1 . . . . . . . 3 . . . . 3 3 . 2 Low Security (%) 51 | 100 100 . 99 . 100 . . . . . 21 . . . . 45 . . 26 Level 1 15 | . . . . . . . . . . . 44 . . . . 21 15 . 19 Level 2 27 | . . . . . . . . . . . 26 . . . . 21 64 . 54 Level 3 5 | . . . . . . . . . . . 8 . . . . 11 19 . . Level 4 . | . . . . . . . . . . . . . . . . . . . . Level 5 . | . . . . . . . . . . . . . . . . . . . . High Security . | . . . . . . . . . . . . . . . . . . . . Max Security . | . . . . . . . . . . . . . . . . . . . . Peak Influence 939 | 5 15 . 207 . 184 . . . . . 775 . . . . 939 919 . 694 Initial 455 | . . . . . . . . . . . 35 . . . . 279 455 . . Average 289 | 1 1 . 86 . 91 . . . . . 363 . . . . 334 584 . 374 Influence Increases 10080 | 15 15 195 617 . 532 115 328 . . 132 1762 488 526 557 464 1846 1020 . 1468 Destroy 0b10 Robot/C 4880 | . . 140 260 . 280 100 220 . . 100 840 300 300 360 300 640 420 . 620 Destroy 0b10 Robot/NC 360 | 15 . . 55 . 30 5 5 . . 5 60 10 5 5 10 65 20 . 70 Destroy Leader 740 | . . . . . 82 10 30 . . 20 148 20 20 . 30 132 92 . 156 Allied During Kill 1636 | . . 10 68 . 32 . 73 . . 7 334 158 186 192 124 329 . . 123 Successful Hack 186 | . . . 10 . 55 . . . . . 42 . . . . . 14 . 65 Select Force Hacks 210 | . . . 210 . . . . . . . . . . . . . . . . Disable Machine 375 | . . . . . 30 . . . . . 45 . . . . 135 120 . 45 Destroy Structure 823 | . . . 14 . 23 . . . . . 188 . . . . 260 204 . 134 Advance Influence 150 | . . . . . . . . . . . . . . . . 150 . . . Partial Spotted 60 | . 15 . . . . . . . . . . . . . . 15 30 . . Lose Combat Pursuer 660 | . . 45 . . . . . . . . 105 . 15 . . 120 120 . 255 Influence Decreases 9425 | 15 15 195 617 . 415 232 313 15 . 75 1056 489 468 1278 357 1121 1038 913 813 Entered New Map 2896 | . . . . . . 45 . 15 . . 22 283 146 820 99 77 476 913 . Time Decay 4291 | 15 15 158 537 . 364 167 293 . . 75 514 206 262 248 228 294 502 . 413 Lost Part 411 | . . . . . 1 20 . . . . 40 . . 10 . . 60 . 280 Lost Ally 1077 | . . 37 80 . 50 . 20 . . . 180 . 60 200 30 300 . . 120 Purge Threat 750 | . . . . . . . . . . . 300 . . . . 450 . . . Squads Dispatched 51 | . . . . . 8 . . . . . 13 . . . . 8 10 . 12 Investigation 20 | . . . . . 5 . . . . . 7 . . . . 5 1 . 2 Extermination 11 | . . . . . 2 . . . . . 2 . . . . 1 2 . 4 Reinforcement 11 | . . . . . 1 . . . . . 3 . . . . 2 3 . 2 Assault 6 | . . . . . . . . . . . 1 . . . . . 4 . 1 Garrison 3 | . . . . . . . . . . . . . . . . . . . 3 Intercept . | . . . . . . . . . . . . . . . . . . . . Searches Triggered . | . . . . . . . . . . . . . . . . . . . . Construction Impeded 1 | . . . . . . . . . . . 1 . . . . . . . . Haulers Reinforced 1 | . . . . . . . . . . . 1 . . . . . . . . Active Scanning Responses . | . . . . . . . . . . . . . . . . . . . . Cargo Convoy Interrupts 2 | . . . . . . . . . . . 1 . . . . . . . 1 Stealth | -11 -10 -10 -8 -8 -6 -6 -6 -6 -6 -5 -5 -5 -5 -5 -4 -4 -4 -4 -3 --------- Run | Yrd Mat Sub Rec Scr Fac Low Low Zio Dee Pro Fac Upp Upp War Pro Fac Arm Lab Res Distress Signals 16 | . . . . . 1 . . . . . 5 . . 1 1 2 2 . 4 Communications Jammed . | . . . . . . . . . . . . . . . . . . . . Distress Signals . | . . . . . . . . . . . . . . . . . . . . Times Spotted 349 | . 2 21 9 8 17 11 9 4 3 4 43 13 17 27 5 34 50 . 72 Peak Tracking Total 19 | . 2 5 3 7 4 4 4 3 3 4 6 7 5 19 4 9 18 . 10 Tactical Retreats 27 | . . 3 . . . . . . . . 4 . 1 . . 4 6 . 9 Traps | -11 -10 -10 -8 -8 -6 -6 -6 -6 -6 -5 -5 -5 -5 -5 -4 -4 -4 -4 -3 ------- Run | Yrd Mat Sub Rec Scr Fac Low Low Zio Dee Pro Fac Upp Upp War Pro Fac Arm Lab Res Traps Triggered 5 | . . 2 . . 1 . . . . . 1 . . 1 . . . . . Indirectly . | . . . . . . . . . . . . . . . . . . . . Trap Hack Attempts . | . . . . . . . . . . . . . . . . . . . . Triggered . | . . . . . . . . . . . . . . . . . . . . Disarmed . | . . . . . . . . . . . . . . . . . . . . Reprogrammed 4 | . . . . . 4 . . . . . . . . . . . . . . Reused 4 | . . . . . . . . . 4 . . . . . . . . . . Traps Extracted . | . . . . . . . . . . . . . . . . . . . . Installed 12 | . . 1 . . . . . . 5 . . . . . . . 6 . . Triggered . | . . . . . . . . . . . . . . . . . . . . Most Traps Carried 6 | . . 1 . 1 . . 5 5 5 6 6 6 6 6 6 6 6 . . Machines | -11 -10 -10 -8 -8 -6 -6 -6 -6 -6 -5 -5 -5 -5 -5 -4 -4 -4 -4 -3 ---------- Run | Yrd Mat Sub Rec Scr Fac Low Low Zio Dee Pro Fac Upp Upp War Pro Fac Arm Lab Res Machines Disabled 38 | . . 4 . 2 2 . . 3 1 . 3 1 . 1 . 9 9 . 3 Max in Single Turn 2 | . . 1 . 1 1 . . 1 1 . 1 . . 1 . 2 1 . 1 Garrison Access 5 | . . . . . 1 . . . . . 1 . . . . 3 . . . Machines Repaired 1 | . . . . . . . . . . . . . . . . 1 . . . Machines Dismantled . | . . . . . . . . . . . . . . . . . . . . Machines Sabotaged . | . . . . . . . . . . . . . . . . . . . . Overloaded Fab Kills . | . . . . . . . . . . . . . . . . . . . . Hacking | -11 -10 -10 -8 -8 -6 -6 -6 -6 -6 -5 -5 -5 -5 -5 -4 -4 -4 -4 -3 --------- Run | Yrd Mat Sub Rec Scr Fac Low Low Zio Dee Pro Fac Upp Upp War Pro Fac Arm Lab Res Machines Accessed 80 | . . 3 13 2 14 1 1 . . . 17 . . 1 1 10 6 . 11 Terminals 27 | . . . 6 . 6 . . . . . 7 . . . 1 2 3 . 2 Fabricators 14 | . . . . . 3 . . . . . 5 . . . . 2 1 . 3 Repair Stations 4 | . . . . . . . . . . . . . . . . . 2 . 2 Recycling Units 18 | . . . 7 . 4 . . . . . 3 . . . . 3 . . 1 Scanalyzers 3 | . . . . . . . . . . . 1 . . . . . . . 2 Garrison Access 6 | . . . . . 1 . . . . . 1 . . . . 3 . . 1 Total Hacks 205 | . . 3 35 6 32 1 1 . . . 44 . . 1 1 29 23 . 29 Successful 140 | . . 3 23 6 22 1 1 . . . 33 . . 1 1 18 15 . 16 Failed 64 | . . . 12 . 9 . . . . . 11 . . . . 11 8 . 13 Catastrophic 12 | . . . 2 . 1 . . . . . 1 . . . . 4 1 . 3 Database Lockouts 1 | . . . . . 1 . . . . . . . . . . . . . . Manual 96 | . . . 25 . 20 . . 1 . . 16 . . . . 17 9 . 8 Terminals 69 | . . . 18 . 13 . . . . . 15 . . . 1 10 8 . 4 Fabricators 58 | . . . . . 9 . . . . . 22 . . . . 11 5 . 11 Repair Stations 15 | . . . . . . . . . . . . . . . . . 10 . 5 Recycling Units 34 | . . . 17 . 7 . . . . . 4 . . . . 5 . . 1 Scanalyzers 9 | . . . . . . . . . . . 2 . . . . . . . 7 Garrison Access 8 | . . . . . 3 . . . . . 1 . . . . 3 . . 1 Terminal Hacks 33 | . . 3 1 6 5 1 1 . . . 7 . . 1 1 4 2 . 1 Record 6 | . . . . 5 . . . . . . . . . . 1 . . . . Part Schematic 4 | . . . . . 1 . . . . . 2 . . . . 1 . . . Robot Analysis 2 | . . . . . . . . . . . . . . . . 2 . . . Open Door 5 | . . 1 . 1 . 1 1 . . . . . . 1 . . . . . Branch Access Points 1 | . . . . . 1 . . . . . . . . . . . . . . Terminal Index 2 | . . . 1 . . . . . . . 1 . . . . . . . . Unreport Threat 2 | . . . . . . . . . . . 2 . . . . . . . . Locate Traps 6 | . . . . . 2 . . . . . 2 . . . . 1 . . 1 Reprogram Traps 1 | . . . . . 1 . . . . . . . . . . . . . . Recall Assault 1 | . . . . . . . . . . . . . . . . . 1 . . Zone Layout 1 | . . . . . . . . . . . . . . . . . 1 . . Proto ID Catalog 1 | . . 1 . . . . . . . . . . . . . . . . . Release Object 1 | . . 1 . . . . . . . . . . . . . . . . . Fabricator Hacks 28 | . . . . . 3 . . . . . 13 . . . . 4 3 . 5 Network Status 5 | . . . . . 1 . . . . . 1 . . . . 1 1 . 1 Load Schematic 14 | . . . . . 2 . . . . . 7 . . . . 2 1 . 2 Build 9 | . . . . . . . . . . . 5 . . . . 1 1 . 2 Repair Station Hacks 7 | . . . . . . . . . . . . . . . . . 4 . 3 Scan Component 4 | . . . . . . . . . . . . . . . . . 2 . 2 Repair 3 | . . . . . . . . . . . . . . . . . 2 . 1 Recycling Unit Hacks 12 | . . . 8 . 2 . . . . . 1 . . . . 1 . . . Report Inventory 11 | . . . 7 . 2 . . . . . 1 . . . . 1 . . . Retrieve Components 1 | . . . 1 . . . . . . . . . . . . . . . . Scanalyzer 5 | . . . . . . . . . . . 1 . . . . . . . 4 Insert Component 3 | . . . . . . . . . . . 1 . . . . . . . 2 Analyze 1 | . . . . . . . . . . . . . . . . . . . 1 Retrieve Study 1 | . . . . . . . . . . . . . . . . . . . 1 Garrison Access Hacks 5 | . . . . . 1 . . . . . 1 . . . . 3 . . . Seal Access 5 | . . . . . 1 . . . . . 1 . . . . 3 . . . Unauthorized Hacks 50 | . . . 14 . 11 . . . . . 10 . . . . 6 6 . 3 Terminals 18 | . . . 7 . 4 . . . . . 2 . . . . . 4 . 1 Track 4 | . . . . . 1 . . . . . . . . . . . 2 . 1 Assimilate 1 | . . . . . . . . . . . . . . . . . 1 . . Botnet 7 | . . . 2 . 2 . . . . . 2 . . . . . 1 . . Operators 1 | . . . . . 1 . . . . . . . . . . . . . . Skim 5 | . . . 5 . . . . . . . . . . . . . . . . Fabricators 15 | . . . . . 3 . . . . . 5 . . . . 3 2 . 2 Prioritize 5 | . . . . . . . . . . . 1 . . . . 1 1 . 2 Liberate 2 | . . . . . . . . . . . 1 . . . . . 1 . . Haulers 3 | . . . . . 1 . . . . . 1 . . . . 1 . . . Recompile 5 | . . . . . 2 . . . . . 2 . . . . 1 . . . Repair Stations . | . . . . . . . . . . . . . . . . . . . . Recycling Units 17 | . . . 7 . 4 . . . . . 3 . . . . 3 . . . Recyclers 1 | . . . . . 1 . . . . . . . . . . . . . . Tunnel 7 | . . . 7 . . . . . . . . . . . . . . . . Fedlink 8 | . . . . . 3 . . . . . 3 . . . . 2 . . . Scrapoids 1 | . . . . . . . . . . . . . . . . 1 . . . Scanalyzers . | . . . . . . . . . . . . . . . . . . . . Garrison Access . | . . . . . . . . . . . . . . . . . . . . Data Cores Recovered 3 | . . . . . . . . . . . 1 . . . . 1 1 . . Used . | . . . . . . . . . . . . . . . . . . . . Hacking Detections 53 | . . . 8 . 11 . . . . . 12 . . . . 5 6 . 11 Full Trace Events 6 | . . . . . . . . . . . 2 . . . . 1 1 . 2 Feedback Events 1 | . . . . . . . . . . . . . . . . . . . 1 Hackware Fried 1 | . . . . . . . . . . . . . . . . . . . 1 Feedback Blocked . | . . . . . . . . . . . . . . . . . . . . Robot Schematics Acquired . | . . . . . . . . . . . . . . . . . . . . Robots Built . | . . . . . . . . . . . . . . . . . . . . Authchips . | . . . . . . . . . . . . . . . . . . . . Time . | . . . . . . . . . . . . . . . . . . . . Total Robot Build Rating . | . . . . . . . . . . . . . . . . . . . . Part Schematics Acquired 43 | . . . . . 1 . . . 1 . 16 2 4 12 . 4 2 . 1 Parts Built 14 | . . . . . . . . . . . 8 . . . . 1 2 . 3 Authchips 5 | . . . . . . . . . . . 3 . . . . 1 . . 1 Time 780 | . . . . . . . . . . . 346 . . . . 169 42 . 223 Total Part Build Rating 80 | . . . . . . . . . . . 42 . . . . 6 8 . 24 Part Studies Acquired 1 | . . . . . . . . . . . . . . . . . . . 1 Parts Repaired 3 | . . . . . . . . . . . . . . . . . 2 . 1 Time 114 | . . . . . . . . . . . . . . . . . 63 . 51 Parts Recycled . | . . . . . . . . . . . . . . . . . . . . Recycled Matter . | . . . . . . . . . . . . . . . . . . . . Retrieved Matter . | . . . . . . . . . . . . . . . . . . . . Retrieved Components 6 | . . . 6 . . . . . . . . . . . . . . . . Parts Scanalyzed 2 | . . . . . . . . . . . . . . . . . . . 2 Part Schematics Acquired 1 | . . . . . . . . . . . . . . . . . . . 1 Parts Damaged . | . . . . . . . . . . . . . . . . . . . . Bothacking | -11 -10 -10 -8 -8 -6 -6 -6 -6 -6 -5 -5 -5 -5 -5 -4 -4 -4 -4 -3 ------------ Run | Yrd Mat Sub Rec Scr Fac Low Low Zio Dee Pro Fac Upp Upp War Pro Fac Arm Lab Res Used RIF Installer . | . . . . . . . . . . . . . . . . . . . . Robots Hacked 2 | . . . . 2 . . . . . . . . . . . . . . . Non-combat . | . . . . . . . . . . . . . . . . . . . . Combat 2 | . . . . 2 . . . . . . . . . . . . . . . Robot Hacks Applied 2 | . . . . 2 . . . . . . . . . . . . . . . parse_system 2 | . . . . 2 . . . . . . . . . . . . . . . Relay Couplers Released 11 | . . . . . 1 . . . . . 4 . . . . 3 . . 3 Machine Destruction 5 | . . . . . 1 . . . . . 4 . . . . . . . . Programmers 6 | . . . . . . . . . . . . . . . . 3 . . 3 Fabnet Peak Effective % . | . . . . . . . . . . . . . . . . . . . . Robots Rewired 25 | . . . 17 . . . . . . . . 2 . 5 . . . . 1 Allies Hacked 3 | . . . . . 2 . . . . . . . . . . . . . 1 Hacks Repelled 1 | . . . . . . . . . . . . . . . . 1 . . . Allies | -11 -10 -10 -8 -8 -6 -6 -6 -6 -6 -5 -5 -5 -5 -5 -4 -4 -4 -4 -3 -------- Run | Yrd Mat Sub Rec Scr Fac Low Low Zio Dee Pro Fac Upp Upp War Pro Fac Arm Lab Res Total Allies 98 | . . 12 17 . . . 6 2 . 4 11 8 4 6 6 15 . . 7 Largest Group 16 | . . 6 16 16 8 . 4 5 3 4 5 6 6 11 4 9 . . 4 Highest-Rated Group 629 | . . 114 258 258 124 . 324 435 243 324 347 382 382 629 324 555 . . 324 Highest-Rated Ally 96 | . . 19 27 27 27 . 81 96 81 81 81 81 81 81 81 81 . . 81 Total Orders 22 | . . . 2 15 . . . . . . . . . 1 4 . . . . STAY 8 | . . . . 7 . . . . . . . . . 1 . . . . . FOLLOW 8 | . . . . 8 . . . . . . . . . . . . . . . PICKUP 1 | . . . 1 . . . . . . . . . . . . . . . . COLLECT 1 | . . . 1 . . . . . . . . . . . . . . . . EXPLORE 4 | . . . . . . . . . . . . . . . 4 . . . . Ally Attacks 737 | . . 29 43 19 25 . 28 14 9 5 99 39 42 84 53 155 . . 93 Total Damage 23045 | . . 536 1256 228 534 . 1197 271 13 124 3918 1903 1633 3606 1031 4831 . . 1964 Kills 190 | . . 7 14 4 3 . 7 2 . 1 39 16 14 21 17 33 . . 12 Allies Corrupted 2 | . . . . 2 . . . . . . . . . . . . . . . Allies Melted 2 | . . . . 1 . . . . . . . . 1 . . . . . . Intel | -11 -10 -10 -8 -8 -6 -6 -6 -6 -6 -5 -5 -5 -5 -5 -4 -4 -4 -4 -3 ------- Run | Yrd Mat Sub Rec Scr Fac Low Low Zio Dee Pro Fac Upp Upp War Pro Fac Arm Lab Res Active Infowar (turns) 15150 | 39 169 3515 . . 959 837 1077 1476 392 69 1398 433 565 1265 618 632 709 . 997 Optics 652 | . . . . . . . . . . . . . . . . . . . 652 Sensors 10826 | . . . . . 959 837 1077 1476 392 69 1398 99 565 1265 618 630 616 . 825 Structural 3675 | . 120 2077 . . . . . . . . . . . 699 27 225 340 . 187 Seismic 1526 | 39 49 1438 . . . . . . . . . . . . . . . . . Jamming 334 | . . . . . . . . . . . . 334 . . . . . . . Robot Analysis Total 2 | . . . . . . . . . . . . . . . . 2 . . . Derelict Logs Recovered 18 | . . 2 . 4 . 3 1 2 . 1 . 1 2 . 2 . . . . Drone Launches 4 | . . . . . . . . . . . . . . . 4 . . . . Drone Recoveries 2 | . . . . . . . . . . . . . . . 2 . . . . Exploration | -11 -10 -10 -8 -8 -6 -6 -6 -6 -6 -5 -5 -5 -5 -5 -4 -4 -4 -4 -3 ------------- Run | Yrd Mat Sub Rec Scr Fac Low Low Zio Dee Pro Fac Upp Upp War Pro Fac Arm Lab Res Turns Passed 29040 | 129 169 7057 1697 4955 1126 1246 1505 2101 998 235 1412 433 565 1370 619 644 1351 6 1422 Spaces Moved 23075 | 57 157 4989 880 3089 873 829 765 996 975 328 1812 647 780 1546 853 961 995 10 1533 Core 9 | 5 . . . . . . . . 4 . . . . . . . . . . Treads 31 | 22 . . . . . . . . . . . . . . . . . . 9 Legs 2170 | . . . . 2045 58 . . . . . . . . . . . . . 67 Wheels 10814 | 30 157 4989 880 1044 815 829 765 996 268 . . . . . . . . . 41 Hover 10051 | . . . . . . . . . 703 328 1812 647 780 1546 853 961 995 10 1416 Flight . | . . . . . . . . . . . . . . . . . . . . Fastest Speed 20 | 50 100 95 107 80 93 130 145 160 20 40 40 56 56 26 53 24 24 25 23 Average Speed 94 | 118 104 122 130 133 99 132 145 160 72 40 53 57 56 48 53 49 53 34 50 Slowest Speed 195 | 160 115 130 155 195 130 145 160 160 160 40 63 63 56 56 53 53 157 115 170 Overloaded Moves 6 | . . . . . . . . . . . . . . . . . 6 . . Propulsion Burnouts . | . . . . . . . . . . . . . . . . . . . . Robots Hopped . | . . . . . . . . . . . . . . . . . . . . Potential Cave-ins . | . . . . . . . . . . . . . . . . . . . . Cave-ins Triggered . | . . . . . . . . . . . . . . . . . . . . Exploration Rate (%) 58 | 6 17 98 99 90 26 90 74 88 81 48 36 75 76 88 77 27 43 5 31 Regions Visited 19 Branch Regions 14 Pre-discovered Areas 16 | . . 1 9 1 1 1 1 1 . . . . . . 1 . . . . Known Exits Taken 15 | . . . . 1 1 1 1 1 1 1 1 1 1 1 1 1 1 1 . Unknown Exits Taken 4 | 1 1 1 1 . . . . . . . . . . . . . . . . Scrap Searched 31 | . . 6 . 6 . 2 3 4 . 1 . 2 3 . 4 . . . . Spaces Dug 92 | . . 3 . 3 15 . . . 8 . 42 . 1 2 . 3 7 . 8 Terrain Destroyed 443 | . . 7 4 5 23 3 23 . 8 4 63 . 36 16 20 59 131 . 41 Melee 32 | . . . . 2 . . . . . . 11 . 1 2 . 3 7 . 6 Projectile 318 | . . 7 4 3 23 3 . . 8 . 46 . 35 14 20 34 102 . 19 AOE 93 | . . . . . . . 23 . . 4 6 . . . . 22 22 . 16 Terrain Rammed . | . . . . . . . . . . . . . . . . . . . . Walls Destroyed . | . . . . . . . . . . . . . . . . . . . . Machines Disabled . | . . . . . . . . . . . . . . . . . . . . Actions | -11 -10 -10 -8 -8 -6 -6 -6 -6 -6 -5 -5 -5 -5 -5 -4 -4 -4 -4 -3 --------- Run | Yrd Mat Sub Rec Scr Fac Low Low Zio Dee Pro Fac Upp Upp War Pro Fac Arm Lab Res Total 29240 | 84 161 5814 1408 3905 1077 925 1139 1476 1204 426 2182 685 887 2163 1008 1083 1638 13 1962 Wait 4425 | . . 651 369 727 71 9 330 430 107 88 269 18 71 522 137 60 399 . 167 Move 23056 | 56 156 4988 879 3088 872 828 764 995 974 327 1811 646 779 1545 852 960 994 9 1533 Hop . | . . . . . . . . . . . . . . . . . . . . Pick Up 222 | 5 2 35 3 28 15 19 12 6 16 2 13 . 4 7 . 4 32 1 18 Fast Attach 116 | 7 . 4 . 10 15 2 . 7 20 . 6 1 2 3 2 5 11 . 21 Attach 78 | . . 1 . 3 5 5 1 3 8 . 9 . 2 1 1 3 9 2 25 Detach 34 | . . . . 1 3 2 1 3 6 . 2 . 1 . 1 2 2 . 10 Swap 160 | 1 2 23 2 . 6 6 7 . 3 5 21 2 4 9 3 10 40 . 16 Drop 227 | . 1 35 1 30 18 10 10 13 18 2 8 1 8 12 2 7 31 1 19 Fire 298 | 15 . 75 8 7 70 18 4 5 22 1 15 . 5 2 7 6 27 . 11 Melee 390 | . . 1 2 11 . 26 10 14 25 1 28 11 11 3 3 24 87 . 133 Ram 3 | . . . . . . . . . . . . . . . . . . . 3 Kick . | . . . . . . . . . . . . . . . . . . . . Crush . | . . . . . . . . . . . . . . . . . . . . Escape Stasis . | . . . . . . . . . . . . . . . . . . . . Rewire 217 | . . . 144 . 2 . . . . . . 6 . 59 . . . . 6 Trap 12 | . . 1 . . . . . . 5 . . . . . . . 6 . . Miscellaneous 2 | . . . . . . . . . . . . . . . . 2 . . . Route ------- -11/Scrapyard -10/Materials -10/Subcaves (discovered 3 exits: [*Mat x2] / *Rec) -8/Recycling (discovered 2 exits: *Fac / *Scr) -8/Scraptown (discovered 2 exits: *Fac x2) -6/Factory (discovered 4 exits: *Fac x2 / *Low x2) -6/Lower Caves -6/Lower Caves (discovered 2 exits: *Fac / *Zio) -6/Zion (discovered 2 exits: *Dee / [*Pro]) -6/Deep Caves -5/Proximity Caves -5/Factory (discovered 3 exits: *Fac x2 / *Upp) -5/Upper Caves -5/Upper Caves -5/Warlord -4/Proximity Caves -4/Factory (discovered 2 exits: *Res / *Arm) -4/Armory (discovered 3 exits: Res x2 / *Lab) -4/Lab -3/Research (discovered 1 exit: *Qua) History --------- Turn | Location | Event 15 | -11/Scrapyard | Discovered new exit (range 16) 130 | -11/Scrapyard | Entered Materials 210 | -10/Materials | Discovered new exit (range 6) 299 | -10/Materials | Entered Subcaves 300 | -10/Subcaves | Approached by a straggling Scientist 322 | -10/Subcaves | Build established: Mutant 741 | -10/Subcaves | Build established: Scavenger-Mutant 862 | -10/Subcaves | Learned location of Zion (-6) 862 | -10/Subcaves | Met a Zionite searching for "candidates" 1371 | -10/Subcaves | Shifting Twisted Machinery released Spk. Treads 1376 | -10/Subcaves | Shifting Twisted Machinery released Sub. Monowheel 1732 | -10/Subcaves | Visited triangular shrine 1740 | -10/Subcaves | Found Prototype Device 1740 | -10/Subcaves | Identified V3-11A's Pendant 1745 | -10/Subcaves | Befriended Subdweller 1857 | -10/Subcaves | A swath of the cavern ceiling suddenly collapsed 2044 | -10/Subcaves | Build established: Mutant 2280 | -10/Subcaves | Befriended Subdweller 2318 | -10/Subcaves | Shifting Twisted Machinery released Mak. Light Armor Plating 2333 | -10/Subcaves | Shifting Twisted Machinery released Sub. Laser 2460 | -10/Subcaves | Ambushed by angry Subdweller bent on revenge 2460 | -10/Subcaves | Befriended Subdweller 2806 | -10/Subcaves | A swath of the cavern ceiling suddenly collapsed 3079 | -10/Subcaves | Learned Materials emergency access door positions 3119 | -10/Subcaves | Discovered new exit (range 9) 3210 | -10/Subcaves | Befriended Subdweller 3214 | -10/Subcaves | Visited 4L-MR0's lab 3235 | -10/Subcaves | Found Powered Cannon 3415 | -10/Subcaves | Befriended Subdweller 3510 | -10/Subcaves | Befriended Subdweller 3512 | -10/Subcaves | Ambushed by Subdweller buried in earth 3515 | -10/Subcaves | Befriended Subdweller 3646 | -10/Subcaves | Shifting Twisted Machinery released Battle Rifle 3687 | -10/Subcaves | Shifting Twisted Machinery released Barrage Gun 3700 | -10/Subcaves | Befriended Subdweller 3721 | -10/Subcaves | Learned Materials security intel 3721 | -10/Subcaves | Discovered new exit (range 14) 3730 | -10/Subcaves | Lost 3 allies 4073 | -10/Subcaves | Build established: Scavenger-Mutant 4168 | -10/Subcaves | Discovered new exit (range 16) 4171 | -10/Subcaves | Ambushed by Subdweller buried in earth 4175 | -10/Subcaves | Befriended Subdweller 4205 | -10/Subcaves | Befriended Subdweller 4205 | -10/Subcaves | Befriended Subdweller 5471 | -10/Subcaves | Ambushed by angry Subdweller bent on revenge 5473 | -10/Subcaves | Befriended Subdweller 5762 | -10/Subcaves | Build established: Mutant 7119 | -10/Subcaves | Found SUBCON Basin 7356 | -10/Subcaves | Entered Recycling 7356 | -8/Recycling | Accompanied by 4 allies 7782 | -8/Recycling | Lost 3 allies 7833 | -8/Recycling | Discovered new exit (range 5) 7916 | -8/Recycling | Build established: Commander-Mutant 8389 | -8/Recycling | Learned location of 1 exit from Extension 8413 | -8/Recycling | Scanned before Scraplab entrance 8478 | -8/Recycling | Learned Factory interactive machine intel 8493 | -8/Recycling | Learned Storage trap positions 8505 | -8/Recycling | Learned location of 1 exit from Storage 8779 | -8/Recycling | Entered Scraplab 8792 | -8/Recycling | Discovered new exit (range 3) 9053 | -8/Recycling | Entered Scraptown 9053 | -8/Scraptown | Accompanied by 16 allies 9054 | -8/Scraptown | Identified exit to Factory 9160 | -8/Scraptown | Delivered V3-11A's Pendant to T0-NE2 in exchange for information 9399 | -8/Scraptown | Visited Cyclists 9456 | -8/Scraptown | Visited SPCMW 9473 | -8/Scraptown | Visited Awakened 9507 | -8/Scraptown | Visited Fellowship of the Rings 9540 | -8/Scraptown | Visited Bundlers 9617 | -8/Scraptown | Visited Symbiants 9924 | -8/Scraptown | Visited UFD Registry 9933 | -8/Scraptown | Registered with UFD as "Technowarp" 9969 | -8/Scraptown | Visited Junk Cannon Lab 9992 | -8/Scraptown | Visited Sword Containment 10019 | -8/Scraptown | Visited Junk Repository 10074 | -8/Scraptown | Delivered Scrap Shield to a Scientist 10118 | -8/Scraptown | Visited Junk Repository 10141 | -8/Scraptown | Visited Scrap Suit Storage 10161 | -8/Scraptown | Visited Derelict Rescue Squad 10191 | -8/Scraptown | Visited Curators Association 10236 | -8/Scraptown | Visited A0-MCA Data Center 10262 | -8/Scraptown | Visited Science Testing Area 10290 | -8/Scraptown | Visited Research Penetration Think Tank 11222 | -8/Scraptown | Murdered 3 allies 12209 | -8/Scraptown | Scanned Subdweller tech in exchange for log data 12212 | -8/Scraptown | Learned location of 1 exit from Research 12213 | -8/Scraptown | Learned location of Extension (-4) 12214 | -8/Scraptown | Learned Factory terminal intel 12215 | -8/Scraptown | Learned Research stockpile data 12341 | -8/Scraptown | Found PL-3XN's Ring of Power 12544 | -8/Scraptown | Entered Cyclist Reading Room 12836 | -8/Scraptown | Found Prototype Slashing Weapon 12836 | -8/Scraptown | Identified Companion Sword 13133 | -8/Scraptown | Given a B+ rating by A0-MCA 13137 | -8/Scraptown | Found A0-MCA's Component Scanner 13517 | -8/Scraptown | Met Optimus 13517 | -8/Scraptown | Accepted into 0bPrime 13917 | -8/Scraptown | Civil war broke out across Scraptown 13925 | -8/Scraptown | Found PL-3XN's Ring of Power 13931 | -8/Scraptown | Found Prototype Storage 13946 | -8/Scraptown | Found DM-GVY's Chainsaw 13956 | -8/Scraptown | Attached Powered Cannon, gained temporary slot: Power 14008 | -8/Scraptown | Entered Factory 14008 | -6/Factory | Accompanied by 8 allies 14008 | -6/Factory | Evolved 8 slots: Power x1, Propulsion x4, Utility x3 14008 | -6/Factory | Identified Vmp. Humpback 14009 | -6/Factory | Identified exit to Factory 14010 | -6/Factory | Loaded intel: 54 interactive machine locations 14011 | -6/Factory | Loaded intel: 26 terminal locations 14038 | -6/Factory | Lost 9 allies 14426 | -6/Factory | Discovered exit to Factory (range 14) 14427 | -6/Factory | Lost 4 allies 14648 | -6/Factory | Identified exit to Lower Caves 14682 | -6/Factory | Build established: Hacker-Mutant 14759 | -6/Factory | Loaded intel: 8 recycling unit locations 14856 | -6/Factory | Central database locked down 14874 | -6/Factory | Learned location of Protoforge (-2) 15134 | -6/Factory | Entered Lower Caves 15136 | -6/Lower Caves | UFD Scientist delivered a prototype 15137 | -6/Lower Caves | Found Prototype Protection 15151 | -6/Lower Caves | Learned 8 Factory zone layouts 15270 | -6/Lower Caves | Identified exit to Lower Caves 15350 | -6/Lower Caves | Build established: Hauler-Mutant 15355 | -6/Lower Caves | Encountered a Warlord checkpoint 15373 | -6/Lower Caves | Attracted the attention of an 0b10 checkpoint 16039 | -6/Lower Caves | Attacked by a faux Warlord 16380 | -6/Lower Caves | Entered another Lower Caves area 16436 | -6/Lower Caves | Prototype Device suddenly appears! 16446 | -6/Lower Caves | Found Prototype Device 16469 | -6/Lower Caves | Identified Amulet of Y3-NDR 16532 | -6/Lower Caves | Joined by bewildered Wizard 16535 | -6/Lower Caves | Joined by bewildered Wizard 16598 | -6/Lower Caves | Discovered exit to Factory (range 14) 16614 | -6/Lower Caves | Joined by bewildered Wizard 16615 | -6/Lower Caves | Joined by bewildered Wizard 16617 | -6/Lower Caves | Joined by bewildered Wizard 16689 | -6/Lower Caves | Joined by bewildered Wizard 17563 | -6/Lower Caves | Discovered new exit (range 6) 17570 | -6/Lower Caves | Attracted the attention of an 0b10 checkpoint 17589 | -6/Lower Caves | Identified exit to Zion 17885 | -6/Lower Caves | Entered Zion 17885 | -6/Zion | Accompanied by 3 allies 17983 | -6/Zion | Discovered new exit (range 9) 18309 | -6/Zion | Learned Factory stockpile data 18463 | -6/Zion | Learned Factory emergency access door positions 18625 | -6/Zion | Given A8's code to call for help 18976 | -6/Zion | Turned away by Imprinter 19123 | -6/Zion | Enhanced Grunt warped into view, answering call for help 19124 | -6/Zion | Enhanced Grunt warped into view, answering call for help 19362 | -6/Zion | Found Prototype Device 19362 | -6/Zion | Identified Exp. Thermal Shield 19481 | -6/Zion | Discovered new exit (range 4) 19481 | -6/Zion | Saw the warning signs outside the Deep Caves entrance 19484 | -6/Zion | Identified exit to Deep Caves 19546 | -6/Zion | Attacked by Zionites 19986 | -6/Zion | Entered Deep Caves 19986 | -6/Deep Caves | Accompanied by 3 allies 20409 | -6/Deep Caves | Attacked by Z-Imprinter 20415 | -6/Deep Caves | Attached CPS modules to Z-Imprinter. 20435 | -6/Deep Caves | Core integrity fell below 50% 20456 | -6/Deep Caves | Lost 3 allies 20464 | -6/Deep Caves | Core integrity fell below 20% 20469 | -6/Deep Caves | Identified Enh. Scrap Shield 20475 | -6/Deep Caves | Destroyed Z-Imprinter 20512 | -6/Deep Caves | Lost 8 parts (2p5n1u) 20540 | -6/Deep Caves | Found Prototype Protection 20540 | -6/Deep Caves | Identified Zio. Weapon Casing 20544 | -6/Deep Caves | Found Prototype Device 20544 | -6/Deep Caves | Identified Zio. Metafield Generator 20750 | -6/Deep Caves | Build established: Scavenger-Mutant 20750 | -6/Deep Caves | Z-Facility disabled 20925 | -6/Deep Caves | Spotted AG-54317 20981 | -6/Deep Caves | Discovered new exit (range 6) 20983 | -6/Deep Caves | Identified exit to Proximity Caves 20984 | -6/Deep Caves | Entered Proximity Caves 21105 | -5/Proximity Caves | Joined by bewildered Wizard 21106 | -5/Proximity Caves | Joined by bewildered Wizard 21164 | -5/Proximity Caves | Joined by bewildered Wizard 21165 | -5/Proximity Caves | Joined by bewildered Wizard 21219 | -5/Proximity Caves | Entered Factory 21219 | -5/Factory | Accompanied by 4 allies 21219 | -5/Factory | Evolved 2 slots: Utility x2 21220 | -5/Factory | Identified exit to Factory 21237 | -5/Factory | Loaded intel: 8 recycling unit locations 21286 | -5/Factory | Lost 3 allies 21287 | -5/Factory | Joined by bewildered Wizard 21288 | -5/Factory | Joined by bewildered Wizard 21289 | -5/Factory | Joined by bewildered Wizard 21299 | -5/Factory | Tech Extrapolator generated special schematic: Deep Structural Scanner 21328 | -5/Factory | Fabricated Cmb. Airjet? 21377 | -5/Factory | Discovered new exit (range 5) 21378 | -5/Factory | Identified exit to Upper Caves 21430 | -5/Factory | Fabricated Cmb. Airjet (x2) 21479 | -5/Factory | Fabricated Deep Structural Scanner? 21605 | -5/Factory | Tech Extrapolator generated special schematic: Hyp. Alpha Cannon 21883 | -5/Factory | Fabricated Hyp. Alpha Cannon? 21884 | -5/Factory | Joined by bewildered Wizard 22091 | -5/Factory | Fabricated Greatsword (x2) 22160 | -5/Factory | Discovered exit to Factory (range 14) 22203 | -5/Factory | Joined by bewildered Wizard 22204 | -5/Factory | Joined by bewildered Wizard 22211 | -5/Factory | Cargo convoy interrupted 22214 | -5/Factory | Tech Extrapolator generated special schematic: Vmp. Broadsword 22256 | -5/Factory | Lost 6 allies 22265 | -5/Factory | Joined by bewildered Wizard 22265 | -5/Factory | Joined by bewildered Wizard 22267 | -5/Factory | Joined by bewildered Wizard 22274 | -5/Factory | Joined by bewildered Wizard 22419 | -5/Factory | First assault squad dispatched 22435 | -5/Factory | Lost 4 allies 22583 | -5/Factory | Lost 3 parts (1p1n1w) 22631 | -5/Factory | Entered Upper Caves 22644 | -5/Upper Caves | Joined by bewildered Wizard 22645 | -5/Upper Caves | Joined by bewildered Wizard 22699 | -5/Upper Caves | Joined by bewildered Wizard 22700 | -5/Upper Caves | Joined by bewildered Wizard 22725 | -5/Upper Caves | Attracted the attention of an 0b10 outpost 22761 | -5/Upper Caves | Joined by bewildered Wizard 22762 | -5/Upper Caves | Joined by bewildered Wizard 22840 | -5/Upper Caves | Identified exit to Upper Caves 22854 | -5/Upper Caves | Encountered a Warlord checkpoint 22912 | -5/Upper Caves | Attracted the attention of an 0b10 checkpoint 23064 | -5/Upper Caves | Entered another Upper Caves area 23064 | -5/Upper Caves | Accompanied by 6 allies 23218 | -5/Upper Caves | Joined by bewildered Wizard 23255 | -5/Upper Caves | Lost 3 allies 23259 | -5/Upper Caves | Joined by bewildered Wizard 23262 | -5/Upper Caves | Joined by bewildered Wizard 23277 | -5/Upper Caves | Joined by bewildered Wizard 23366 | -5/Upper Caves | Discovered new exit (range 8) 23371 | -5/Upper Caves | Learned Factory terminal intel 23372 | -5/Upper Caves | Learned 4 Factory zone layouts 23383 | -5/Upper Caves | Identified exit to Warlord 23400 | -5/Upper Caves | Encountered a Warlord checkpoint 23425 | -5/Upper Caves | Attacked by a delusional Derelict stockpiling parts 23504 | -5/Upper Caves | Tech Extrapolator generated special schematic: Vmp. Humpback 23506 | -5/Upper Caves | Attracted the attention of an 0b10 checkpoint 23629 | -5/Upper Caves | Entered Warlord 23629 | -5/Warlord | Accompanied by 6 allies 23646 | -5/Warlord | Discovered new exit (range 11) 23666 | -5/Warlord | System corruption cleaned by Quarantine Array 23906 | -5/Warlord | Found Vortex Chain Reactor 23914 | -5/Warlord | Found Exp. Core Analyzer 23918 | -5/Warlord | Found Exp. Phase Shifter 23963 | -5/Warlord | Visited the Vortex Lab 23968 | -5/Warlord | Found Vortex Shotgun 23971 | -5/Warlord | Warlord's base attacked by MAIN.C 23990 | -5/Warlord | Attached CPS modules to LV-01A. 24035 | -5/Warlord | Rebuked by Warlord 24082 | -5/Warlord | Tech Extrapolator generated special schematic: Machine Rigger 24125 | -5/Warlord | Build established: Commander-Scout 24278 | -5/Warlord | Lost 5 allies 24321 | -5/Warlord | Warlord forces counterattacked 24480 | -5/Warlord | Tech Extrapolator generated special schematic: Heat Bomb Trap 24500 | -5/Warlord | Spotted Striker 24535 | -5/Warlord | Lost 9 allies 24646 | -5/Warlord | Warlord base infiltrated, sounded retreat 24647 | -5/Warlord | Enhanced Grunt warped into view 24647 | -5/Warlord | Enhanced Grunt warped into view 24647 | -5/Warlord | Enhanced Grunt warped into view 24647 | -5/Warlord | Enhanced Demolisher warped into view 24647 | -5/Warlord | Enhanced Demolisher warped into view 24647 | -5/Warlord | Enhanced Demolisher warped into view 24649 | -5/Warlord | Build established: Commander-Mutant 24734 | -5/Warlord | Lost 3 allies 24851 | -5/Warlord | Lost 6 allies 24871 | -5/Warlord | Spotted Striker 24911 | -5/Warlord | Lost 8 allies 24974 | -5/Warlord | Identified exit to Proximity Caves 24975 | -5/Warlord | Spotted Striker 24997 | -5/Warlord | Attacked by Warlord forces 24999 | -5/Warlord | Entered Proximity Caves 25021 | -4/Proximity Caves | Lost 4 allies 25109 | -4/Proximity Caves | Joined by bewildered Wizard 25110 | -4/Proximity Caves | Joined by bewildered Wizard 25144 | -4/Proximity Caves | Spotter reported a threat 25149 | -4/Proximity Caves | Joined by bewildered Wizard 25150 | -4/Proximity Caves | Joined by bewildered Wizard 25220 | -4/Proximity Caves | Joined by bewildered Wizard 25229 | -4/Proximity Caves | Lost 3 allies 25479 | -4/Proximity Caves | Discovered exit to Factory (range 6) 25554 | -4/Proximity Caves | Joined by bewildered Wizard 25618 | -4/Proximity Caves | Entered Factory 25618 | -4/Factory | Accompanied by 4 allies 25618 | -4/Factory | Evolved 2 slots: Utility x1, Weapon x1 25620 | -4/Factory | Loaded intel: 28 terminal locations 25671 | -4/Factory | Joined by bewildered Wizard 25755 | -4/Factory | Fabricated Vmp. Broadsword (x1) 25828 | -4/Factory | Joined by bewildered Wizard 25842 | -4/Factory | Joined by bewildered Wizard 25882 | -4/Factory | Joined by bewildered Wizard 25882 | -4/Factory | Joined by bewildered Wizard 25886 | -4/Factory | Joined by bewildered Wizard 25896 | -4/Factory | Lost 4 allies 25939 | -4/Factory | Discovered new exit (range 16) 25953 | -4/Factory | Scrapoids reinforcements arrived? 25970 | -4/Factory | Loaded intel: 8 recycling unit locations 25974 | -4/Factory | Identified exit to Research 26026 | -4/Factory | Joined by bewildered Wizard 26054 | -4/Factory | Joined by bewildered Wizard 26102 | -4/Factory | Tech Extrapolator generated special schematic: Wartreads 26152 | -4/Factory | Found Exp. Hacking Suite 26166 | -4/Factory | Lost 8 allies 26260 | -4/Factory | Discovered new exit (range 8) 26261 | -4/Factory | Identified exit to Armory 26262 | -4/Factory | Entered Armory 26304 | -4/Armory | Build established: Hacker-Mutant 26316 | -4/Armory | Repaired Cmb. Airjet 26581 | -4/Armory | Tech Extrapolator generated special schematic: Vmp. Brace Plating 26799 | -4/Armory | Fabricated Mak. Power Source (x2) 26904 | -4/Armory | Repaired Lrg. Storage Unit 26984 | -4/Armory | Discovered exit to Research (range 11) 27012 | -4/Armory | First assault squad dispatched 27031 | -4/Armory | Found Adv. Force Booster 27154 | -4/Armory | Discovered exit to Research (range 6) 27167 | -4/Armory | Found Adv. Powered Armor 27169 | -4/Armory | Found Adv. Powered Armor 27176 | -4/Armory | Discovered new exit (range 12) 27287 | -4/Armory | Core integrity fell below 50% 27467 | -4/Armory | Destroyed Armor Guard 27491 | -4/Armory | Destroyed Armor Guard 27558 | -4/Armory | Found Exp. Weapon Cycler 27587 | -4/Armory | Spotted Armor Guard 27588 | -4/Armory | Spotted Armor Guard 27612 | -4/Armory | Identified exit to Lab 27613 | -4/Armory | Entered Lab 27613 | -4/Lab | Discovered exit to Research (range 9) 27619 | -4/Lab | Entered Research 27619 | -3/Research | Evolved 2 slots: Weapon x2 27620 | -3/Research | Identified exit to Quarantine 27743 | -3/Research | Fabricated Cmb. Linear Gravjet (x2) 27787 | -3/Research | Exp. Hacking Suite fried by hacking feedback 27868 | -3/Research | Joined by bewildered Wizard 27868 | -3/Research | Joined by bewildered Wizard 27895 | -3/Research | Joined by bewildered Wizard 27895 | -3/Research | Joined by bewildered Wizard 27915 | -3/Research | Joined by bewildered Wizard 27962 | -3/Research | Build established: Scout 28014 | -3/Research | Repaired Broken Cmb. Linear Gravjet+ 28080 | -3/Research | Garrison activated, responded to threat 28134 | -3/Research | Joined by bewildered Wizard 28184 | -3/Research | Lost 4 allies 28369 | -3/Research | First assault squad dispatched 28388 | -3/Research | Found Fusion Bomb Launcher 28470 | -3/Research | Fabricated Vmp. Broadsword? 28571 | -3/Research | System corruption reached 10% 28591 | -3/Research | Core integrity fell below 50% 28633 | -3/Research | Lost 14 parts (2p6n6u) 28826 | -3/Research | Core integrity fell below 20% 28851 | -3/Research | Lost 3 parts (2n1u) 28968 | -3/Research | Lost 6 parts (1p4n1u) 29033 | -3/Research | Cargo convoy interrupted 29041 | -3/Research | Destroyed by P-80 Master with Gamma Rifle Last Messages --------------- 29021_ Acquired Graviton Reactor. 29022_ Acquired 10 matter. 29025_ Acquired Imp. Antigrav System. 29027_ H%ISWX8SSDNR=F&AHXZQRY3ES 29029_ Acquired 30 matter. 29032_ C-45 Heavy ARC bursts open, deploying its payload. 29032_ H-77 Assassin unfolds itself. 29032_ P-80 Master unfolds itself. 29032_ E-15 Imp unfolds itself. 29032_ Slug penetrates Wall. 29032_ Penetrated by Slug. 29033_ ALERT: Cargo convoy interrupted, initiating access lockdown. 29035_ K-01 Serf collects debris. 29035_ Sneak attack on U-05 Engineer. 29035_ U-05 Engineer destroyed. 29037_ Imp. Antigrav System blown off. 29037_ Deep Structural Scanner blown off. 29037_ Imp. Antigrav System blown off. 29037_ E-15 Imp destroyed. 29039_ Acquired Imp. Antigrav System. Map ----- +----------------------------------------------------+ | #????????????????????????????????????????? | | #????????????????????????????????????????? | | ^ #????????????????????????????????????????? | | """" #????????????????????????????????????????? | | "F " ###########??????????????????????????????? | | # #??????????????????????????????? | | # ! #??????????????????????????????? | | +% #??????????????????????????????? | | # #??????????????????????????????? | | # #??????????????????????????????? | | # % ! # #####????????????????????????? | | # ! #######????????????????????????? | | """ # %|%% ######????????????????????????? | | """ #######+#########????????????????????????? | | """ # ""%%% ########????????????????????? | | """ # %% ## ! #????????????????????? | | """ # ## #????????????????????? | | """ # ! ## #????????????????????? | | """ # % ## #????????????????????? | | % # %%% ## #????????????????????? | | ###/#########"# [ #????????????????????? | | %% * # #????????????????????? | | %%% p# #????????????????????? | | % p #????????????????????? | | " # = #????????????????????? | | " T"" ##%=@! #????????????????????? | | !! "" "" ## =% #????????????????????? | | !! ####+###????????????????????? | | ! *= ??????????????????????? | | ??????????????????????? | | ???????w?????????????? | | ?????????????????????? | | #####+###################+##+????????????????????? | | !!!#????????????????????????????????????? | | !!!#????????????????????????????????????? | | % !!!#????????????????????????????????????? | | """ #????????????????????????????????????? | | """ #????????????????????????????????????? | | ##???????????????????????????????????? | | =""" ##???????????????????????????????????? | | = """ #????????????????????????????????????? | | """ #????????????????????????????????????? | | """ #????????????????????????????????????? | | #????????????????????????????????????? | | #????????????????????????????????????? | | #############????????????????????????????????????? | | #"#####??????????????????????????????????????????? | | #??????????????????????????????????????????? | | #??????????????????????????????????????????? | | #??????????????????????????????????????????? | +----------------------------------------------------+ Best States ------------- Heat Dissipation 72 Energy Generation 55 Energy Capacity 1300 Matter Stores 300 Matter Capacity 300 Sight Range 22 Robot Scan Range 16 Terrain Scan Density 10 Jamming Range 14 Armor Coverage 800 Resistance: TH 30 Weapon Shielding 100 Weapon Cycling 30 Melee Speed Boost 20 Phase Shifting 20 Evasion (%) 79 Core Analysis 8 Recoil Reduction 3 Particle Charging 25 Force Boost 40 Offensive Hacking 30 Defensive Hacking 10 Authchip Count 3 Trap Extractor Capacity 6 Item Schematics ----------------- Cmb. Airjet | -6/Factory | Hacked Mak. Coolant Network | -6/Deep Caves | Extrapolated Deep Structural Scanner | -5/Factory | Extrapolated Mapping Drone Bay | -5/Factory | Extrapolated Mak. Hacking Suite | -5/Factory | Extrapolated Cmb. Gravmag System | -5/Factory | Hacked Mak. System Shield | -5/Factory | Extrapolated Hyp. Alpha Cannon | -5/Factory | Extrapolated Mak. Transmission Jammer | -5/Factory | Extrapolated Greatsword | -5/Factory | Hacked Mak. Heavy Armor Plating | -5/Factory | Extrapolated Mak. Thermal Plating | -5/Factory | Extrapolated Vmp. Broadsword | -5/Factory | Extrapolated Hvy. Battle Rifle | -5/Factory | Extrapolated Mak. Power Source | -5/Factory | Extrapolated 0b10 Decoder Chip [Generic] | -5/Factory | Extrapolated 0b10 Decoder Chip [Scout] | -5/Factory | Extrapolated 0b10 Decoder Chip [Skirmisher] | -5/Factory | Extrapolated Hvy. Beamcaster | -5/Upper Caves | Extrapolated Plasma Flamer | -5/Upper Caves | Extrapolated Mak. Light Armor Plating | -5/Upper Caves | Extrapolated Lgt. Humpback | -5/Upper Caves | Extrapolated Vmp. Humpback | -5/Upper Caves | Extrapolated Mak. Salvage Targeting Computer | -5/Upper Caves | Extrapolated Mak. Targeting Computer | -5/Warlord | Extrapolated Mak. Weapon Shielding | -5/Warlord | Extrapolated Mak. Medium Armor Plating | -5/Warlord | Extrapolated Mak. Kinetic Plating | -5/Warlord | Extrapolated Mak. Ablative Armor | -5/Warlord | Extrapolated Machine Rigger | -5/Warlord | Extrapolated Arc Thrower | -5/Warlord | Extrapolated Imp. Arc Thrower | -5/Warlord | Extrapolated Mak. Laser | -5/Warlord | Extrapolated Beamcaster | -5/Warlord | Extrapolated Multitool | -5/Warlord | Extrapolated Heat Bomb Trap | -5/Warlord | Extrapolated Adv. Actuator Array | -4/Factory | Hacked Wartreads | -4/Factory | Extrapolated Mak. Hover Unit | -4/Factory | Extrapolated Mak. Core Shielding | -4/Factory | Extrapolated Mak. System Restoration Module | -4/Armory | Extrapolated Vmp. Brace Plating | -4/Armory | Extrapolated Cmb. Linear Gravjet | -3/Research | Scanalyzed Robot Schematics ------------------ None Fabricated ------------ Cmb. Airjet | x2 | -5/Factory | Authchip Cmb. Airjet | x2 | -5/Factory | Authchip Deep Structural Scanner | x1 | -5/Factory Hyp. Alpha Cannon | x1 | -5/Factory | Authchip Greatsword | x2 | -5/Factory Vmp. Broadsword | x1 | -4/Factory | Authchip Mak. Power Source | x2 | -4/Armory Cmb. Linear Gravjet | x2 | -3/Research | Authchip Vmp. Broadsword | x1 | -3/Research Repaired ---------- Cmb. Airjet | 14% | -4/Armory Lrg. Storage Unit | 4% | -4/Armory Cmb. Linear Gravjet | 10% | -3/Research | Broken Studied --------- Cmb. Linear Gravjet | -3/Research | Hacked Alien Tech Used ----------------- None Achievements -------------- None Challenges ------------ None Game ------ Seed ZeronetGreatBrace Manual? 0 Play Time 05:56:29 Cumulative 1183.3 hours Start 2025.12.17 @ 22:52:39 End 2025.12.20 @ 06:38:30 Sessions 3 Manual Loads 0 Difficulty Rogue Special Mode None Game No. 411 Rogue 406 Adventurer 4 Explorer 1 Win Type - Total 25 Types 13/5/1/2/0/1/0/0/2/1 Lore% 97 Gallery% 96 Achievement% 82 Wizard Run 0 Options --------- Layout 0 ASCII 0 Keyboard 0 Movement Numpad Keybinds 0 Fullscreen 2 Font 18/SmallcapsGlow Map View 76x50 Zoom Use 0% Tactical HUD 1 Map Filters NONE Filters NONE Steam 1 RUN: a31ead47-9f3d-4e2e-9dea-e49dae6aa959